 Dungeon Crawl Stone Soup version 0.28-a0-1117-g0bdd5ba030 (webtiles) character file.

Game seed: 5504427732719727676

163 SensoryNuts the Slasher (level 5, -4/40 HPs)
             Began as a Demonspawn Gladiator on Dec 12, 2021.
             Was a Follower of Nemelex Xobeh.
             Slain by an iguana (5 damage)
             ... on level 4 of the Dungeon.
             The game lasted 00:04:08 (4167 turns).

SensoryNuts the Slasher (Demonspawn Gladiator)      Turns: 4167, Time: 00:04:09

Health: -4/40      AC:  9    Str: 14 (16) XL:     5   Next: 20%
Magic:  5/5        EV:  9    Int:  8 (10) God:    Nemelex Xobeh [*.....]
Gold:   169        SH:  0    Dex: 11 (14) Spells: 4/4 levels left

rFire   + + .      SeeInvis .   h - +2 dagger (vamp)
rCold   x . .      Faith    .   (no shield)
rNeg    . . .      Spirit   .   n - +0 fire dragon scales
rPois   .          Reflect  .   c - +0 helmet
rElec   .          Harm     .   (no cloak)
rCorr   .          Rampage  .   (no gloves)
Will    .....                   (no boots)
Stlth   ..........              (no amulet)
HPRegen 0.13/turn               (no ring)
MPRegen 0.18/turn               (no ring)

@: very slow
A: magic regeneration, demonic magic 1
a: Renounce Religion, Draw Escape, Draw Destruction, Draw Summoning


You were on level 4 of the Dungeon.
You worshipped Nemelex Xobeh.
Nemelex Xobeh was aware of your devotion.
You visited 1 branch of the dungeon, and saw 4 of its levels.

You collected 169 gold pieces.

Inventory:

Hand Weapons
 a - a +1 long sword
 h - a +2 vampiric dagger (weapon)
Missiles
 d - 3 throwing nets (quivered)
Armour
 b - a +0 leather armour
 c - a +0 helmet (worn)
 n - +0 fire dragon scales (worn)
Magical Staves
 m - a staff of cold
Jewellery
 k - a ring of magical power
 l - an amulet of faith
Scrolls
 e - a scroll of teleportation
 i - a scroll of enchant weapon
 j - 4 scrolls of identify
 p - a scroll of silence {unknown}
Potions
 g - a potion of flight
 q - 2 potions of brilliance


   Skills:
 + Level 2.9 Fighting
 + Level 1.1(2.6) Short Blades
 + Level 3.7(3.8) Long Blades
 + Level 1.9 Throwing
 + Level 1.4 Armour
 + Level 3.4 Dodging
 + Level 0.1 Stealth


You had 4 spell levels left.
You didn't know any spells.
Your spell library contained the following spells:

 Spells                   Type           Power      Damage    Failure   Level
 Conjure Flame            Conj/Fire      0%         6-21      100%        3
 Ignite Poison            Fire/Tmut/Pois 0%         N/A       100%        3
 Sticky Flame             Conj/Fire      0%         2d3       100%        4


Dungeon Overview and Level Annotations

Branches:
Dungeon (4/15)             Temple (0/1) D:4

Altars:
Nemelex Xobeh

Shops:
D:2 :(


Innate Abilities, Weirdness & Mutations

You regenerate magic rapidly.
Spells you cast may paralyse adjacent enemies.


Message History

You are too injured to fight recklessly!
An iguana is nearby!
It was a potion of resistance.
You feel protected. The iguana barely misses you.
It was a potion of cancellation.
Your magical effects are unravelling.
You feel magically purged.
Your resistance to elements expires.
The iguana bites you but does no damage.
It was a potion of curing.
You feel better. The iguana closely misses you.
Okay, then.
Your unstable footing causes you to fumble your attack.
You hit the iguana but do no damage.
The iguana is lightly wounded.
The iguana bites you!
You barely miss the iguana.
The iguana is lightly wounded.
The iguana splashes around in the water.
Your unstable footing causes you to fumble your attack.
The iguana bites you.
Your unstable footing causes you to fumble your attack.
The iguana bites you but does no damage.
Your unstable footing causes you to fumble your attack.
The iguana bites you.
* * * LOW HITPOINT WARNING * * *
You closely miss the iguana.
The iguana is lightly wounded.
The iguana barely misses you.
Your unstable footing causes you to fumble your attack.
The iguana bites you!
* * * LOW HITPOINT WARNING * * *
You hit the iguana but do no damage.
The iguana is lightly wounded.
You hit the iguana but do no damage.
The iguana is lightly wounded.
The iguana splashes around in the water.
You hit the iguana but do no damage. The iguana bites you.
You die...
Your body disappears without a glow.

#< ### #. ... #.
###.##.####
≈.≈.....≈.####
.≈..≈≈≈....≈.####
≈≈≈≈≈.≈≈≈≈.≈≈≈≈≈#
#### .
≈≈≈≈≈≈l@≈≈.≈≈≈# .(. .
≈....≈...≈≈..#### ..#
. ≈...≈...≈....##.#
#.##.
.≈...≈....#..##.#
#...#
####.........##.#
##.#.#
#.........##.###....#
#................#..#
.................#...
.........##...#.#.#.


You could see an iguana.

Vanquished Creatures
  An orc wizard (D:3)
  5 adders
  A gnoll (D:1)
  A worm (D:3)
  6 orcs (D:3)
  7 ball pythons
  6 bats
  5 endoplasms
  4 giant cockroaches
  9 goblins
  5 hobgoblins
  2 jackals (D:4)
  5 kobolds
  4 quokkas
  2 frilled lizards (D:1)
  7 rats
70 creatures vanquished.

Notes
Turn   | Place    | Note
-------+----------+-------------------------------------------
     0 | D:1      | SensoryNuts the Demonspawn Gladiator began the quest for
                  | the Orb.
     0 | D:1      | Reached XP level 1. HP: 16/16 MP: 1/1
    35 | D:1      | Gained mutation: You regenerate magic rapidly. [demonic
                  | ancestry]
    35 | D:1      | Reached XP level 2. HP: 21/22 MP: 2/2
   909 | D:1      | Reached XP level 3. HP: 20/27 MP: 3/3
  1335 | D:2      | Found a sparkling altar of Nemelex Xobeh.
  1844 | D:2      | Found Xigeicioq's Weapon Shop.
  2037 | D:2      | Found Neinneby's Book Boutique.
  2170 | D:2      | Gained mutation: Spells you cast may paralyse adjacent
                  | enemies. [demonic ancestry]
  2170 | D:2      | Reached XP level 4. HP: 34/34 MP: 4/4
  2539 | D:2      | Found a faded altar of an unknown god.
  2618 | D:2      | Prayed at the altar of an unknown god.
  2618 | D:2      | Became a worshipper of Nemelex Xobeh the Trickster
  2618 | D:2      | Reached * piety under Nemelex Xobeh
  2776 | D:3      | Received a gift from Nemelex Xobeh
  2906 | D:3      | Reached skill level 1 in Armour
  3468 | D:3      | Reached XP level 5. HP: 32/40 MP: 5/5
  3767 | D:4      | Reached skill level 1 in Short Blades
  3964 | D:4      | Found a staircase to the Ecumenical Temple.
  4164 | D:4      | HP: 1/40 [iguana (9)]
  4167 | D:4      | Slain by an iguana

Illustrated notes

Levels and vault maps discovered:
D:1:      onia_arrival_pyramid, layout_basic
D:2:      layout_loops_ring, dilly_ecumenical_altar_fadedgnrine, basic_altar,
          serial_shops, shop_statue, nicolae_shop_crystal,
          palyth_stone_intersect, lemuel_old_faithful
D:3:      layout_basic
D:4:      minmay_door_path, layout_loops_ring, minmay_temple_entry_arrows,
          chequers_serial_rivers_small_3

Skill      XL: |  1  2  3  4  5 |
---------------+----------------+-----
Dodging        | 3 |  3.4
Long Blades    | 3 |  3.7
Armour         | 1 |  1.4
Short Blades   | 1 |  1.1
Fighting       | |  2.9
Throwing       | |  1.9
Stealth        | |  0.1

Action                   |  1- 3 |  4- 6 || total
-------------------------+-------+-------++-------
Melee: Long sword        |   126 |    21 ||   147
       Dagger            |       |   185 ||   185
  Use: Scroll            |     3 |     3 ||     6
       Potion            |       |     7 ||     7
Armor: Leather armour    |    47 |    23 ||    70
       Fire dragon scale |       |    27 ||    27
Dodge: Dodged            |   104 |   121 ||   225

Table legend: (Time is in decaauts)
 A = Elapsed time spent in this place.
 B = Non-inter-level travel time spent in this place.
 C = Inter-level travel time spent in this place.
 D = Time resting spent in this place.
 E = Time spent auto-exploring this place.
 F = Levels seen in this place.
 G = Mean time per level.
                   A        B        C        D        E       F      G
               +--------+--------+--------+--------+--------+-----+--------+
         Total |   4180 |   4180 |      0 |      0 |   3376 |   4 | 1045.0 |
       Dungeon |   4180 |   4180 |      0 |      0 |   3376 |   4 | 1045.0 |
               +--------+--------+--------+--------+--------+-----+--------+

Top non-repeatable levels by time:
     D:2: 1456 daAuts
     D:1: 1350 daAuts
     D:3: 899 daAuts
     D:4: 474 daAuts
